 Dungeon Crawl Stone Soup version 0.25-a0-185-g6cfeca75b2 (webtiles) character file.

Game seed: 4743599989374435522, levelgen mode: deterministic

26 MisterFreud the Sneak (level 3, 0/28 HPs)
             Began as a Naga Fire Elementalist on Nov 28, 2019.
             Slain by Natasha (7 damage)
             ... on level 2 of the Dungeon.
             The game lasted 00:02:45 (598 turns).

MisterFreud the Sneak (Naga Fire Elementalist)       Turns: 598, Time: 00:02:46

Health: 0/28       AC:  3    Str: 10    XL:     3   Next: 8%
Magic:  1/6        EV: 10    Int: 21    God:
Gold:   23         SH:  0    Dex: 11    Spells: 5/6 levels left

rFire    . . .     SeeInvis +   (no weapon)
rCold    . . .     Gourm    .   (no shield)
rNeg     . . .     Faith    .   a - +1 robe
rPois    +         Spirit   .   (no helmet)
rElec    .         Reflect  .   (no cloak)
rCorr    .         Harm     .   (no gloves)
MR       .....                  (no barding)
Stlth    ++........             (no amulet)
HPRegen  0.09/turn              (no ring)
MPRegen  0.10/turn              (no ring)

@: brilliant, very slightly contaminated, very slow
A: large, see invisible, deformed body, poison resistance, slowness 2, slow
metabolism 1, spit poison 1, AC +1
a: Spit Poison


You were on level 2 of the Dungeon.
You were not hungry.

You visited 1 branch of the dungeon, and saw 2 of its levels.

You collected 23 gold pieces.

Inventory:

Missiles
 e - 25 stones (quivered)
Armour
 a - a +1 robe (worn)
Scrolls
 d - a scroll of teleportation
 g - a scroll of identify {unknown}
Comestibles
 c - 2 rations
 f - a chunk of flesh


   Skills:
 - Level 1.5 Dodging
 - Level 3.0 Stealth
 - Level 2.0 Spellcasting
 + Level 2.9 Conjurations
 - Level 3.0 Fire Magic


You had 5 spell levels left.
You knew the following spells:

 Your Spells              Type           Power        Failure   Level  Hunger
a - Flame Tongue          Conj/Fire      ####.        1%          1    #......

Your spell library contained the following spells:

 Spells                   Type           Power        Failure   Level  Hunger
 Throw Flame              Conj/Fire      ####..       1%          2    ##.....
 Conjure Flame            Conj/Fire      ####....     1%          3    ###....
 Inner Flame              Hex/Fire       ###.....     3%          3    ###....
 Sticky Flame             Conj/Fire      ####....     5%          4    #####..
 Fireball                 Conj/Fire      ####......   13%         5    ######.


Dungeon Overview and Level Annotations

Branches:
Dungeon (2/15)

Altars:

Annotations:
D:2 Natasha


Innate Abilities, Weirdness & Mutations

You cannot wear boots.
Your serpentine skin is tough. (AC +1)
You have supernaturally acute eyesight. (SInv)
Armour fits poorly on your strangely shaped body.
Your system is resistant to poisons. (rPois)
You cover ground very slowly.
You have a slow metabolism.
You can spit poison.


Message History

The flame tongue misses the crimson imp.
The flame tongue hits Natasha.
Natasha is heavily wounded.
Natasha mumbles some strange words.
The crimson imp closely misses you.
You barely miss the crimson imp.
Natasha drinks a potion.
Natasha is healed!
The crimson imp closely misses you.
You closely miss the crimson imp.
The crimson imp blinks! x2
Natasha claws you.
* * * LOW HITPOINT WARNING * * *
Natasha completely misses you.
You hit Natasha but do no damage.
Natasha is lightly wounded.
Natasha barely misses you.
It was a potion of brilliance.
You feel clever all of a sudden. The crimson imp barely misses you.
The crimson imp blinks!
Natasha extends her claws.
Natasha claws you!
You die...

# #. .#. .#..
... #.#
#.##########
#..5@h5...ยง.
#..#########
#..# .. #..#
#. #..# #.
#..# #. #..#
#.###### #..#
#....... #.##
##......


You could see Natasha, a crimson imp and a shadow imp.

Vanquished Creatures
  An ooze (D:1)
  2 leopard geckos (D:2)
  A bat (D:1)
  A giant cockroach (D:1)
  2 goblins
  2 hobgoblins (D:1)
  8 frilled lizards (D:1)
  2 kobolds (D:1)
  3 rats
22 creatures vanquished.

Notes
Turn   | Place    | Note
-------+----------+-------------------------------------------
     0 | D:1      | MisterFreud the Naga Fire Elementalist began the quest for
                  | the Orb.
     0 | D:1      | Reached XP level 1. HP: 15/15 MP: 3/3
    79 | D:1      | Reached XP level 2. HP: 21/22 MP: 3/5
   282 | D:2      | Reached XP level 3. HP: 7/28 MP: 0/6
   578 | D:2      | Noticed Natasha
   598 | D:2      | Slain by Natasha

Levels and vault maps discovered:
D:1:      lightli_iron_boxes, layout_loops_ring, minmay_misc_feat_plants,
          minmay_lizard_pond
D:2:      layout_loops_ring, first_ration, minmay_tall_x, uniq_natasha,
          uniq_jessica

Skill      XL: |  1 |
---------------+----+-----
Conjurations   | 2 |  2.9
Dodging        | |  1.5
Stealth        | |  3.0
Spellcasting   | |  2.0
Fire Magic     | |  3.0

Action                   || total
-------------------------++-------
Melee: Unarmed           ||    23
 Cast: Flame Tongue      ||    21
 Abil: Spit Poison       ||    17
  Use: Scroll            ||     2
       Potion            ||     1
Armor: Robe              ||     6
Dodge: Dodged            ||    26

Table legend:
 A = Non-vault XP
 B = Vault XP
 C = Vault XP percentage of total XP
 D = Non-vault monster count
 E = Vault monster count
 F = Vault count percentage of total count
                 A         B        C        D         E       F
            +---------+---------+-------+---------+---------+-------
      Total |      32 |       6 |  15.8 |      16 |       6 |  27.3
            +---------+---------+-------+---------+---------+-------
        D:1 |      24 |       6 |  20.0 |      12 |       6 |  33.3
        D:2 |       8 |       0 |   0.0 |       4 |       0 |   0.0
            +---------+---------+-------+---------+---------+-------
